 Dungeon Crawl Stone Soup version 0.31.0-12-g77e489cdc1 (webtiles) character file.

Game seed: 6435147611715346504

34 Gadfly the Covered (level 3, -2/30 HPs)
             Began as an Armataur Fighter on Feb 28, 2024.
             Slain by a hobgoblin
             ... wielding a +0 spear
              (8 damage)
             ... on level 2 of the Dungeon.
             The game lasted 00:01:28 (1073 turns).

Gadfly the Covered (Armataur Fighter)               Turns: 1073, Time: 00:01:29

Health: -2/30      AC:  7    Str: 19 (21) XL:     3   Next: 14%
Magic:  3/3        EV:  7    Int:  6 (8)  God:
Gold:   53         SH:  4    Dex:  8 (11) Spells: 2/2 levels left

rFire   . . .        a - +0 flail
rCold   . . .        c - +0 buckler
rNeg    . . .        e - +0 scale mail
rPois   .            (no helmet)
rElec   .            (no cloak)
rCorr   .            (no gloves)
SInv    .            (no barding)
Will    .....        (no amulet) Stlth
                     (no ring)
HPRegen 0.25/turn    (no ring)
MPRegen 0.08/turn

%: roll
@: no status effects
A: large, deformed body, tough skin 3, armoured tail, roll 1
a: no special abilities


You were on level 2 of the Dungeon.
You visited 1 branch of the dungeon, and saw 2 of its levels.

You collected 53 gold pieces.

Inventory:

Hand Weapons
 a - a +0 flail (weapon)
 b - a +0 dagger of electrocution
Armour
 c - a +0 buckler (worn)
 e - a +0 scale mail (worn)
Scrolls
 h - a scroll of fear
Potions
 d - a potion of might


   Skills:
 + Level 2.9 Fighting
 * Level 2.2 Maces & Flails
 + Level 3.8 Armour
 + Level 3.4 Shields
 * Level 1.1 Invocations
 * Level 1.0 Evocations


You had 2 spell levels left.
You didn't know any spells.
Your spell library was empty.

Dungeon Overview and Level Annotations

Branches:
Dungeon (2/15)

Altars:

Annotations:
D:2 Robin


Innate Abilities, Weirdness & Mutations

Armour fits poorly on your strangely shaped body.
You have extremely tough skin. (AC +3)
You have a long armoured tail.
You regenerate magic when rolling toward enemies. (Rampage MPRegen)


Message History

You barely miss the hobgoblin.
Your tail-slap misses the hobgoblin.
The hobgoblin hits you from afar with a +0 spear.
The hobgoblin hits you.
You are too injured to fight recklessly!
You are too injured to fight recklessly!
You are too injured to fight recklessly!
You are too injured to fight recklessly!
You are too injured to fight recklessly!
You are too injured to fight recklessly!
You are too injured to fight recklessly!
You are too injured to fight recklessly!
You are too injured to fight recklessly!
You are too injured to fight recklessly!
You are too injured to fight recklessly!
You are too injured to fight recklessly!
You are too injured to fight recklessly!
You are too injured to fight recklessly!
You closely miss the hobgoblin.
Your tail-slap misses the hobgoblin.
The hobgoblin hits you but does no damage.
The hobgoblin hits you.
* * * LOW HITPOINT WARNING * * *
You hit the hobgoblin but do no damage. You tail-slap the hobgoblin.
The hobgoblin is lightly wounded.
The hobgoblin hits you but does no damage.
The hobgoblin hits you.
* * * LOW HITPOINT WARNING * * *
You hit the hobgoblin.
Lightning courses through the hobgoblin!!
You kill the hobgoblin!
The hobgoblin barely misses you.
Robin roars a battlecry!
The goblins go into a battle-frenzy!
You see here a hobgoblin corpse.
You hit the hobgoblin.
The hobgoblin is heavily wounded.
The hobgoblin closely misses you.
Your +0 dagger of electrocution stops crackling.
a - a +0 flail (weapon)
The goblin hits you but does no damage. The hobgoblin hits you with a +0 spear!
You die...

♣... ♣♣.# #♣♣
♣♣..# ##♣♣♣♣...#
#........#
#..###.#.#
#..###.#.##
#.........#
####.####.####
#g@.♣♣♣♣♣♣...#
#g#♣♣P..♣♣♣### #
#g# P.....
#####.###g♣♣...P♣
......g.g♣♣..P(♣♣
....#.##........♣
♣ # ##♣g...♣♣#
#.♣♣♣♣♣ #g


You could see Robin, a hobgoblin (strong) and 3 goblins.

Vanquished Creatures
  2 dart slugs (D:1)
  3 endoplasms (D:1)
  A giant cockroach (D:2)
  6 hobgoblins
  3 kobolds (D:1)
  A ball python (D:2)
  A bat (D:1)
  2 frilled lizards (D:1)
  6 goblins
  2 rats (D:1)
27 creatures vanquished.

Notes
Turn   | Place    | Note
-------+----------+-------------------------------------------
     0 | D:1      | Gadfly the Armataur Fighter began the quest for the Orb.
     0 | D:1      | Reached XP level 1. HP: 18/18 MP: 1/1
   202 | D:1      | Reached XP level 2. HP: 19/25 MP: 2/2
   935 | D:2      | Reached skill level 1 in Invocations
  1003 | D:2      | Noticed Robin
  1029 | D:2      | Reached skill level 1 in Evocations
  1046 | D:2      | Reached XP level 3. HP: 13/30 MP: 3/3
  1073 | D:2      | Slain by a hobgoblin

Illustrated notes

Levels and vault maps discovered:
D:1:      zelgadis_glass_arrival_small, layout_loops_corners, st_stairs_7
D:2:      layout_basic, basic_altar, serial_forest, infiniplex_forest_end_1,
          infiniplex_forest_lined_2, infiniplex_forest_end_2,
          infiniplex_forest_end_2, infiniplex_forest_lined_3,
          infiniplex_forest_clump_small, infiniplex_forest_clump_double,
          infiniplex_forest_end_3, infiniplex_forest_lined_3_way, serial_shops,
          shop, uniq_crazy_yiuf_cottage, uniq_robin

Skill      XL: |  1  2 |
---------------+-------+-----
Maces & Flails | 2 |  2.2
Invocations    | 1 |  1.1
Evocations     | 1 |  1.0
Fighting       | |  2.9
Armour         | |  3.8
Shields        | |  3.4

Action                     || total
---------------------------++-------
  Melee: Flail             ||    15
         Tailslap          ||    10
         Dagger            ||    83
    Use: Scroll            ||     2
         Potion            ||     4
 Armour: Scale mail        ||    77
  Dodge: Dodged            ||    36
  Block: Buckler           ||    14
